[Event "Titled Tuesday Blitz July 11 Late 2023"]
[White "Paravyan, David"]
[Black "Hong, Andrew"]
[WhiteFideId "4194985"]
[BlackFideId "2099438"]
[WhiteElo "3037"]
[BlackElo "3073"]
[Result "0-1"]
[Round "11"]
[TimeControl "180+2"]
[Date "2023.07.11"]
[WhiteClock "0:00:00"]
[BlackClock "0:00:04"]
[Board "3"]

1. e4 c5 2. Nf3 e6 3. d4 cxd4 4. Nxd4 Nf6 5. Nc3 Nc6 6. Nxc6 bxc6 7. e5 Nd5 8. Ne4 Qc7 9. f4 Qb6 10. c4 Bb4+ 11. Ke2 f5 12. exf6 Nxf6 13. Be3 Qd8 14. Nd6+ Bxd6 15. Qxd6 Bb7 16. Rd1 Rc8 17. Rg1 c5 18. g4 Qb6 19. b3 Qxd6 20. Rxd6 Ne4 21. Rd3 d5 22. Bg2 d4 23. Bf2 O-O 24. Bg3 g5 25. fxg5 e5 26. Be1 Nd6 27. Bxb7 Nxb7 28. Rf3 e4 29. Rf6 Rxf6 30. gxf6 Kf7 31. g5 Nd6 32. Rg4 Re8 33. Rf4 Re5 34. h4 Nf5 35. h5 d3+ 36. Kd2 Nd4 37. g6+ hxg6 38. hxg6+ Kf8 39. Bf2 Nf3+ 40. Kd1 Rh5 41. Rxf3 exf3 42. Ke1 Rf5 43. f7 Kg7 44. Be3 Kxg6 45. Bxc5 Kxf7 46. Bf2 Re5+ 0-1


[Site "https://www.chess.com"]

[Event "Titled Tuesday Blitz July 11 Late 2023"]
[White "Bluebaum, Matthias"]
[Black "Durarbayli, Vasif"]
[WhiteFideId "24651516"]
[BlackFideId "13402935"]
[WhiteElo "3049"]
[BlackElo "2931"]
[Result "1-0"]
[Round "11"]
[TimeControl "180+2"]
[Date "2023.07.11"]
[WhiteClock "0:00:59"]
[BlackClock "0:00:00"]
[Board "4"]

1. d4 Nf6 2. c4 e6 3. Nc3 Bb4 4. e3 O-O 5. Bd2 c5 6. a3 Bxc3 7. Bxc3 Ne4 8. Ne2 b6 9. d5 Ba6 10. Qd3 exd5 11. Qxd5 Qe7 12. b3 Re8 13. Bb2 Nxf2 14. Kxf2 Qxe3+ 15. Ke1 Qxb3 16. Qd2 Bxc4 17. Kf2 Nc6 18. h4 d5 19. Rh3 Qb5 20. Nc3 Qa5 21. Bxc4 dxc4 22. Re1 Red8 23. Qe3 Nd4 24. Qe4 b5 25. Rhe3 h6 26. Kg1 b4 27. axb4 cxb4 28. Rf1 bxc3 29. Bxc3 Qb6 30. Kh1 Rac8 31. Rg3 1-0


[Site "https://www.chess.com"]

[Event "Titled Tuesday Blitz July 11 Late 2023"]
[White "Deac, Bogdan-Daniel"]
[Black "Shimanov, Aleksandr"]
[WhiteFideId "1226380"]
[BlackFideId "4198603"]
[WhiteElo "3012"]
[BlackElo "2948"]
[Result "1/2-1/2"]
[Round "11"]
[TimeControl "180+2"]
[Date "2023.07.11"]
[WhiteClock "0:00:09"]
[BlackClock "0:00:03"]
[Board "5"]

1. d4 g6 2. e4 d6 3. Nf3 Nf6 4. Bd3 Bg7 5. h3 O-O 6. O-O c5 7. c3 Nc6 8. d5 Nb8 9. Re1 e6 10. c4 Re8 11. Nc3 a6 12. a3 b6 13. Bg5 h6 14. Bd2 e5 15. Qc1 Kh7 16. b4 Nbd7 17. Rb1 Rf8 18. Ne2 Nh5 19. g4 Nhf6 20. Ng3 Ng8 21. Kg2 cxb4 22. axb4 a5 23. Ra1 Bb7 24. bxa5 bxa5 25. Qa3 Nc5 26. Reb1 Nf6 27. Bxa5 Qe7 28. Bc2 Rfc8 29. Qc3 Ba6 30. Bb4 Nfd7 31. Ra5 Nb7 32. Ra3 Rxc4 33. Qxc4 Bxc4 34. Rxa8 Nbc5 35. Ra7 Qf6 36. Nd2 Bd3 37. Rc1 Bxc2 38. Rxc2 Nd3 39. Nf3 Nxb4 40. Rcc7 Nd3 41. Rxd7 Kg8 42. Rxf7 Qxf7 43. Rxf7 Kxf7 44. h4 Nf4+ 45. Kh2 Bf6 46. h5 gxh5 47. Nxh5 Ng6 48. Ng3 Be7 49. Nf5 Bf8 50. Kg3 Nf4 51. Ne1 Kf6 52. Nf3 Ne2+ 53. Kg2 Nf4+ 54. Kh2 Ne2 55. Kh3 Nf4+ 56. Kh4 Ng6+ 57. Kg3 Nf4 58. N3h4 Ne2+ 59. Kh3 Nf4+ 60. Kh2 Ne2 61. f3 Kg5 62. Ng2 h5 63. gxh5 Kxh5 64. Nge3 Kg5 65. Kg2 Nf4+ 66. Kf2 Nh3+ 67. Kg3 Nf4 68. Nc4 Nh5+ 69. Kf2 Kf4 70. Ncxd6 Nf6 71. Nc4 Nxe4+ 72. fxe4 Kxe4 73. Nfe3 Bc5 74. Ke2 Kd4 75. Kf3 e4+ 76. Kf4 Bf8 77. Kf5 Bc5 78. Ke6 Bb4 79. Kd7 Bc5 80. Kc6 Bf8 81. Kd7 Bc5 82. Ke8 Bb4 83. Kf7 Bc5 84. Ke6 Bb4 85. Kf5 Bf8 86. Kf4 Bh6+ 87. Kg4 Bf8 88. Kg3 Bc5 89. Kf2 Kd3 90. Ke1 Kd4 91. Kd2 Bf8 92. Kc2 Kc5 93. Kc3 Bg7+ 94. Kb3 Bh6 95. Kc2 Bf8 96. Kc3 Bg7+ 97. Kb3 Bh6 98. Ka4 Bf8 99. Ka5 Kd4 100. Kb5 Be7 101. Kc6 Bf8 102. d6 Bxd6 103. Kxd6 Kd3 104. Kc5 Kc3 105. Ne5 Kd2 106. Kd4 Ke2 107. N5g4 Kd2 108. Nf2 Ke2 109. Nh3 Kd2 110. Nf4 Ke1 111. Nh3 Ke2 112. Ng5 Kd2 113. Nd5 e3 114. Ne4+ Kd1 115. Kd3 e2 116. Ne3+ Kc1 117. Kxe2 1/2-1/2


[Site "https://www.chess.com"]

[Event "Titled Tuesday Blitz July 11 Late 2023"]
[White "Bortnyk, Mykola"]
[Black "Leitao, Rafael"]
[WhiteFideId "14120836"]
[BlackFideId "2101246"]
[WhiteElo "3012"]
[BlackElo "2780"]
[Result "1-0"]
[Round "11"]
[TimeControl "180+2"]
[Date "2023.07.11"]
[WhiteClock "0:02:31"]
[BlackClock "0:01:01"]
[Board "6"]

1. e4 c5 2. c3 d5 3. exd5 Qxd5 4. d4 g6 5. dxc5 Qxc5 6. Be3 Qc7 7. Na3 a6 8. Qb3 Bg7 9. Bc4 e6 10. Bb6 Qe5+ 11. Be2 Qd5 12. Nc4 Ne7 13. Rd1 Qxd1+ 14. Bxd1 O-O 15. Bc5 Nbc6 16. Nb6 Rb8 17. Bd6 1-0


[Site "https://www.chess.com"]

[Event "Titled Tuesday Blitz July 11 Late 2023"]
[White "Bartel, Mateusz"]
[Black "Sarana, Alexey"]
[WhiteFideId "1112635"]
[BlackFideId "24133795"]
[WhiteElo "2816"]
[BlackElo "3059"]
[Result "0-1"]
[Round "11"]
[TimeControl "180+2"]
[Date "2023.07.11"]
[WhiteClock "0:00:20"]
[BlackClock "0:00:46"]
[Board "7"]

1. e4 e5 2. Nf3 Nc6 3. Bb5 a6 4. Ba4 b5 5. Bb3 Na5 6. O-O d6 7. h3 Nf6 8. Re1 Be7 9. c3 Nxb3 10. axb3 Bb7 11. d3 O-O 12. b4 Nd7 13. Nbd2 f5 14. exf5 Rxf5 15. Ne4 Qf8 16. Be3 h6 17. Nh2 Qf7 18. Ng3 Qd5 19. f3 Rf7 20. Bf2 Bh4 21. Ne4 Bxf2+ 22. Nxf2 Nf6 23. Ne4 Nh5 24. Qd2 Nf4 25. Rad1 Raf8 26. d4 exd4 27. Qxd4 Qf5 28. Rd2 Qg6 29. Kh1 Re7 30. Ng4 Re6 31. Qa7 Bxe4 32. Rxe4 Rxe4 33. fxe4 h5 34. Nh2 Qxe4 35. Nf3 Nxg2 36. Rxg2 Rxf3 37. Qxc7 Rxh3+ 38. Kg1 Qe1# 0-1


[Site "https://www.chess.com"]

[Event "Titled Tuesday Blitz July 11 Late 2023"]
[White "Maghsoodloo, Parham"]
[Black "Duda, Jan-Krzysztof"]
[WhiteFideId "12539929"]
[BlackFideId "1170546"]
[WhiteElo "2974"]
[BlackElo "3036"]
[Result "1-0"]
[Round "11"]
[TimeControl "180+2"]
[Date "2023.07.11"]
[WhiteClock "0:00:07"]
[BlackClock "0:00:05"]
[Board "8"]

1. e4 Nf6 2. f3 e5 3. Bc4 d5 4. exd5 Nxd5 5. d3 Bc5 6. Nc3 Nf4 7. g3 Ng2+ 8. Kf1 Ne3+ 9. Bxe3 Bxe3 10. Qe2 Bd4 11. Nb5 O-O 12. Nxd4 Qxd4 13. c3 Qd6 14. Kg2 Nc6 15. b4 Bf5 16. Nh3 Rad8 17. Nf2 Kh8 18. Rhe1 f6 19. Rad1 b6 20. h4 Bg6 21. Bb3 Rfe8 22. g4 Qd7 23. h5 Bf7 24. b5 Na5 25. Bxf7 Qxf7 26. Ne4 Nb7 27. Ng3 h6 28. Qc2 Nd6 29. a4 f5 30. c4 Qf6 31. c5 bxc5 32. Qxc5 fxg4 33. fxg4 Qf4 34. Kh3 Qxa4 35. Qxc7 Nxb5 36. Qc6 Rc8 37. Qd7 Red8 38. Qf7 Nd4 39. Ra1 Qb5 40. Rxa7 Rg8 41. g5 Qxd3 42. gxh6 Rc3 43. Re3 Qc2 44. hxg7+ Kh7 45. Qg6+ Qxg6 46. hxg6+ Kxg6 47. Rxc3 Kg5 48. Ne4+ Kf4 49. Nf6 Ne2 50. Nxg8 Nxc3 51. Nh6 Nd1 52. g8=Q Nf2+ 53. Kg2 Nd3 54. Qg4+ Ke3 55. Nf5+ Kd2 56. Ra2+ Kc1 57. Qc4+ Kb1 58. Qc2# 1-0


[Site "https://www.chess.com"]

[Event "Titled Tuesday Blitz July 11 Late 2023"]
[White "Martinez Alcantara, Jose Eduardo"]
[Black "Chigaev, Maksim"]
[WhiteFideId "3805662"]
[BlackFideId "4108116"]
[WhiteElo "3017"]
[BlackElo "2954"]
[Result "1-0"]
[Round "11"]
[TimeControl "180+2"]
[Date "2023.07.11"]
[WhiteClock "0:01:43"]
[BlackClock "0:00:11"]
[Board "9"]

1. e4 e6 2. d4 d5 3. Nd2 Be7 4. c3 Nf6 5. Bd3 c5 6. Ngf3 Nc6 7. dxc5 dxe4 8. Nxe4 Nxe4 9. Bxe4 Qxd1+ 10. Kxd1 Bxc5 11. Ke2 Bd7 12. Be3 Bxe3 13. Kxe3 Ke7 14. Rhd1 Rhd8 15. h4 h6 16. a4 b6 17. a5 bxa5 18. Bxc6 Bxc6 19. Rxd8 Kxd8 20. Ne5 Be8 21. Rxa5 Kc7 22. b4 a6 23. Rc5+ Kb7 24. Nc4 Rd8 25. g4 f6 26. g5 hxg5 27. hxg5 e5 28. Na5+ Kb6 29. Nc4+ Kb7 30. gxf6 gxf6 31. f4 exf4+ 32. Kxf4 Rd3 33. Na5+ Kb8 34. Kf5 Rd6 35. Kf4 Rd3 36. Nb3 Kb7 37. Nd4 Kb6 38. Ke4 Rh3 39. Kd5 Rh5+ 40. Kd6 Rxc5 41. bxc5+ Kb7 42. c6+ Kc8 43. Nf5 Bxc6 44. Kxc6 a5 45. Kb5 1-0


[Site "https://www.chess.com"]

[Event "Titled Tuesday Blitz July 11 Late 2023"]
[White "Bolourchifard, Farzad"]
[Black "Svane, Rasmus"]
[WhiteFideId "12510084"]
[BlackFideId "4657101"]
[WhiteElo "2711"]
[BlackElo "2959"]
[Result "0-1"]
[Round "11"]
[TimeControl "180+2"]
[Date "2023.07.11"]
[WhiteClock "0:00:03"]
[BlackClock "0:00:47"]
[Board "10"]

1. d4 d5 2. Nf3 e6 3. c4 a6 4. cxd5 exd5 5. Nc3 Nf6 6. Bg5 Be6 7. e3 Nbd7 8. Bd3 Bd6 9. Qc2 c6 10. O-O-O Qc7 11. Kb1 O-O-O 12. Na4 h6 13. Bh4 Bg4 14. Rc1 Kb8 15. Nd2 Rc8 16. f3 Be6 17. Nb3 Ka7 18. e4 Bf4 19. e5 Bxc1 20. Rxc1 g5 21. Be1 Nh5 22. Bf1 f6 23. exf6 Rhf8 24. Ba5 Qf4 25. Ka1 Nhxf6 26. Nac5 Bf5 27. Qc3 Nxc5 28. Nxc5 Nd7 29. Qb4 Nxc5 30. Bb6+ Ka8 31. Bxc5 Qxc1# 0-1


[Site "https://www.chess.com"]

[Event "Titled Tuesday Blitz July 11 Late 2023"]
[White "He, Anthony"]
[Black "Ter-Sahakyan, Samvel"]
[WhiteFideId "2088215"]
[BlackFideId "13302531"]
[WhiteElo "2972"]
[BlackElo "2844"]
[Result "1/2-1/2"]
[Round "11"]
[TimeControl "180+2"]
[Date "2023.07.11"]
[WhiteClock "0:00:06"]
[BlackClock "0:00:06"]
[Board "11"]

1. e4 c5 2. Ne2 Nc6 3. g3 d5 4. Bg2 dxe4 5. Bxe4 Nf6 6. Bg2 g6 7. O-O Bg7 8. Nbc3 O-O 9. d3 Nd4 10. h3 Bd7 11. Be3 Bc6 12. Bxc6 bxc6 13. Bxd4 cxd4 14. Na4 e5 15. Qd2 Nd5 16. Rae1 Qc7 17. Nc1 Rae8 18. Nb3 f5 19. Nac5 h5 20. h4 Kh7 21. Kg2 Qf7 22. c4 dxc3 23. bxc3 e4 24. d4 Bh6 25. Qc2 e3 26. c4 Nf6 27. fxe3 Bxe3 28. Re2 Ng4 29. Rf3 Bh6 30. Kg1 Rxe2 31. Qxe2 Re8 32. Qd3 Qe7 33. Rf1 Qd6 34. Rf3 Re1+ 35. Kg2 Be3 36. Rf1 Rxf1 37. Qxf1 Bxd4 38. Nb7 Qe7 39. Qd3 Bf6 40. N7c5 Qe1 41. Qd2 Ne3+ 42. Kf3 Qxd2 43. Nxd2 Nc2 44. Nd7 Bg7 45. Nb8 Nb4 46. a3 Nc2 47. Nxc6 Nxa3 48. Nxa7 Bc3 49. Ke2 Bxd2 50. Kxd2 Nxc4+ 51. Kd3 Nd6 52. Nc6 Ne4 53. Ke3 Nxg3 54. Kf4 Ne4 55. Ne5 Kh6 56. Nf7+ Kg7 57. Ne5 Nc5 58. Kf3 Ne6 59. Nd3 Kf6 60. Nf2 Nd4+ 61. Kf4 Ne6+ 62. Kf3 Nc5 63. Nh3 Nd3 64. Ke3 Ne5 65. Kf4 Nf7 66. Nf2 Nd8 67. Nd3 Ne6+ 68. Kf3 g5 69. hxg5+ Kxg5 70. Nf2 f4 71. Ne4+ Kg6 72. Nd6 Kf6 73. Ke4 h4 74. Kf3 Kg5 75. Ne4+ Kf5 76. Nd6+ Ke5 77. Nf7+ Kf6 78. Nd6 Kg5 79. Ne4+ Kh5 80. Nf6+ Kg6 81. Ne4 Ng5+ 82. Kxf4 Nxe4 83. Kxe4 Kg5 84. Kf3 h3 85. Kg3 h2 86. Kxh2 1/2-1/2


[Site "https://www.chess.com"]

[Event "Titled Tuesday Blitz July 11 Late 2023"]
[White "Kramnik, Vladimir"]
[Black "Fantastic_Power"]
[WhiteFideId "4101588"]
[WhiteElo "2969"]
[BlackElo "2742"]
[Result "1-0"]
[Round "11"]
[TimeControl "180+2"]
[Date "2023.07.11"]
[WhiteClock "0:00:04"]
[BlackClock "0:00:03"]
[Board "12"]

1. c4 Nf6 2. Nc3 e5 3. Nf3 e4 4. Ng5 c6 5. Ngxe4 Nxe4 6. Nxe4 d5 7. cxd5 cxd5 8. Ng3 h5 9. e3 h4 10. Ne2 Qf6 11. d4 Nc6 12. Nc3 Be6 13. Bd2 Bd6 14. Bd3 Qg5 15. O-O h3 16. g3 Bg4 17. Be2 Bxe2 18. Qxe2 O-O 19. Qf3 Ne7 20. Rad1 Bb4 21. e4 Qg6 22. Nxd5 Nxd5 23. exd5 Bxd2 24. Rxd2 Rad8 25. Re2 Rd7 26. Rfe1 Qf6 27. Qxf6 gxf6 28. Re4 Rc8 29. Rg4+ Kf8 30. Rh4 Rc2 31. Rxh3 Rxd5 32. Rh8+ Kg7 33. Ree8 f5 34. Reg8+ Kf6 35. Rh6+ Ke7 36. Rh4 Rxb2 37. Rf4 Rxa2 38. h4 b5 39. Rb8 Ra6 40. Rb7+ Kf6 41. g4 Kg7 42. g5 Kg6 43. Rb8 Rad6 44. Rg8+ Kh7 45. Ra8 Kg6 46. Kg2 Rxd4 47. Rxd4 Rxd4 48. Kg3 Ra4 49. Rg8+ Kh7 50. Rb8 Kg6 51. Rxb5 Rg4+ 52. Kh3 Kh5 53. f3 Rxh4+ 54. Kg3 Ra4 55. Rxf5 Kg6 56. Rf6+ Kg7 57. f4 Ra1 58. Kg4 a5 59. Kf5 a4 60. Ra6 a3 61. Ra7 Rg1 62. Rxa3 Rg2 63. Ra7 Rg1 64. Rc7 Rg2 65. Rb7 Rg1 66. Rd7 Rg2 67. Rd5 Rg1 68. Rd6 Rg2 69. Ra6 Rg1 70. Ke5 Rg2 71. Ra4 Re2+ 72. Re4 Rg2 73. Kd6 Rd2+ 74. Ke7 Rf2 75. Rd4 Re2+ 76. Kd6 Rf2 77. Re4 Rd2+ 78. Ke5 Rg2 79. Kf5 Rg1 80. Ra4 Rg2 81. Ra6 Rg1 82. Rf6 Rg2 83. Ke4 Rg1 84. Kf3 Rf1+ 85. Kg2 Ra1 86. Kg3 Rg1+ 87. Kh4 Rh1+ 88. Kg4 Rg1+ 89. Kf3 Rf1+ 90. Ke2 Rg1 91. Rd6 Rg2+ 92. Kf3 Rg1 93. Ke4 Re1+ 94. Kf5 Rg1 95. Rd2 Rg3 96. Rh2 Rg1 97. Rh3 Rg2 98. Ra3 Rg1 99. Ra6 Rg2 100. Rb6 Rg1 101. Rb5 Rg2 102. Ke5 Rg1 103. Kd6 Rd1+ 104. Rd5 Rf1 105. f5 Rg1 106. f6+ Kg6 107. Ke7 Ra1 108. Rd8 Ra7+ 109. Kf8 Kxg5 110. Kg7 Kf5 111. Rd6 Ke5 112. Rb6 Rc7 113. Rb5+ Ke6 114. Rb6+ Ke5 115. Rb1 Ke6 116. Re1+ Kd6 117. Kf8 Ra7 118. Re7 Ra8+ 119. Kxf7 Ra1 120. Re6+ Kd7 121. Re2 Rh1 122. Kg7 Rg1+ 123. Kf8 Rf1 124. f7 Kd6 125. Ke8 Ra1 126. f8=Q+ 1-0


[Site "https://www.chess.com"]

[Event "Titled Tuesday Blitz July 11 Late 2023"]
[White "Ovchinnikov, Vsevolod"]
[Black "Makarian, Rudik"]
[WhiteFideId "24176842"]
[BlackFideId "44105681"]
[WhiteElo "2656"]
[BlackElo "2940"]
[Result "0-1"]
[Round "11"]
[TimeControl "180+2"]
[Date "2023.07.11"]
[WhiteClock "0:00:00"]
[BlackClock "0:00:42"]
[Board "13"]

1. d4 Nf6 2. c4 e6 3. g3 d5 4. Bg2 Bb4+ 5. Bd2 Be7 6. Nf3 O-O 7. O-O c6 8. Qc2 Nbd7 9. Bf4 a5 10. Nbd2 Nh5 11. Be3 b6 12. Rac1 Ba6 13. Ne1 Rc8 14. Nd3 Nhf6 15. b3 c5 16. Qb1 Ng4 17. cxd5 Nxe3 18. fxe3 Bg5 19. Nf4 e5 20. dxe5 Nxe5 21. Nc4 Re8 22. e4 b5 23. Nxe5 Rxe5 24. Rc2 c4 25. bxc4 bxc4 26. h4 Bf6 27. Qe1 Rb8 28. Kh2 Be7 29. Qf2 Bd6 30. Qd4 Qe7 31. Bf3 g6 32. Kg2 Rb4 33. Rfc1 a4 34. Rc3 Rb2 35. R3c2 Rb8 36. Qd1 Rxe4 37. Rd2 Re3 38. Rd4 Rb2 39. Rc2 a3 40. Rdd2 c3 41. Rd4 Bxf4 42. Rxf4 Bxe2 43. Bxe2 Rxc2 44. Rf2 Rcxe2 0-1


[Site "https://www.chess.com"]

[Event "Titled Tuesday Blitz July 11 Late 2023"]
[White "Ibarra Jerez, Jose Carlos"]
[Black "benny_aizenberg"]
[WhiteFideId "2226332"]
[WhiteElo "2919"]
[BlackElo "2663"]
[Result "1-0"]
[Round "11"]
[TimeControl "180+2"]
[Date "2023.07.11"]
[WhiteClock "0:00:29"]
[BlackClock "0:00:01"]
[Board "14"]

1. e4 c5 2. Nf3 a6 3. c4 Nc6 4. d4 cxd4 5. Nxd4 e5 6. Nf5 d6 7. Nc3 g6 8. Ne3 Bh6 9. Ncd5 Be6 10. Be2 Rc8 11. h4 Nd4 12. Bd3 Nf6 13. Qa4+ Kf8 14. Nxf6 Qxf6 15. Ng4 Bxg4 16. Bxh6+ Kg8 17. f3 Bxf3 18. Bg5 Qe6 19. gxf3 Nxf3+ 20. Kf2 Qg4 21. Be2 Qxe4 22. Bxf3 Qd4+ 23. Kg3 Rxc4 24. Qe8+ Kg7 25. Qe7 e4 26. Rad1 Qxb2 27. Rxd6 Qa3 28. Qf6+ 1-0


[Site "https://www.chess.com"]

[Event "Titled Tuesday Blitz July 11 Late 2023"]
[White "Grigoriants, Sergey"]
[Black "Chen, Max"]
[WhiteFideId "4130804"]
[BlackFideId "2622440"]
[WhiteElo "2919"]
[BlackElo "2638"]
[Result "1-0"]
[Round "11"]
[TimeControl "180+2"]
[Date "2023.07.11"]
[WhiteClock "0:00:08"]
[BlackClock "0:00:02"]
[Board "15"]

1. d4 Nf6 2. c4 b6 3. f3 Nc6 4. e4 e5 5. dxe5 Nxe5 6. Nc3 Bb4 7. Ne2 d6 8. Qa4+ Bd7 9. Qc2 Nxc4 10. Qb3 Ne5 11. Nf4 a5 12. Be2 Bc5 13. Bd2 a4 14. Qc2 Nc6 15. Ncd5 Nd4 16. Qc3 c6 17. Nxf6+ Qxf6 18. Nd3 Nxe2 19. Qxf6 gxf6 20. Kxe2 Bd4 21. Rac1 c5 22. Bc3 Bxc3 23. bxc3 b5 24. a3 Be6 25. Ke3 Kd7 26. g4 Rab8 27. Rb1 Kc6 28. Nf4 Rb7 29. Nh5 Rhb8 30. Nxf6 h6 31. h4 b4 32. cxb4 Kc7 33. Rbc1 Kd8 34. bxc5 Rb3+ 35. Kf4 dxc5 36. Rxc5 Rxa3 37. Rd1+ Ke7 38. Nd5+ Bxd5 39. Rcxd5 Rbb3 40. Rf1 Rd3 41. Rxd3 Rxd3 42. Rb1 a3 43. Rb7+ Kf6 44. Ra7 Rb3 45. Ra6+ Kg7 46. e5 Rc3 47. h5 Rb3 48. Ke4 Rb4+ 49. Kf5 Rb3 50. f4 Rf3 51. Ra7 Kg8 52. g5 hxg5 53. Kxg5 Rg3+ 54. Kf6 Rf3 55. f5 Kh7 56. Rxf7+ Kh6 57. Ra7 Kxh5 58. e6 Kg4 59. Ra4+ Rf4 60. Ra5 a2 61. Rxa2 Rxf5+ 62. Ke7 Re5 63. Rf2 Kg5 64. Kd7 Rd5+ 65. Kc6 Re5 66. Kd6 Re1 67. Rf8 Kg6 68. e7 Rd1+ 69. Kc5 Rc1+ 70. Kb4 Rb1+ 71. Kc3 Rg1 72. e8=Q+ Kh6 73. Rh8+ Kg5 74. Qg8+ Kf4 75. Qxg1 Kf5 76. Rf8+ Ke6 77. Qg6+ Ke7 78. Rf7+ Ke8 79. Qg8# 1-0


[Site "https://www.chess.com"]

[Event "Titled Tuesday Blitz July 11 Late 2023"]
[White "Maksimovic, Bojan"]
[Black "Leon Oquendo, Jorge"]
[WhiteFideId "14408120"]
[BlackFideId "3514803"]
[WhiteElo "2862"]
[BlackElo "2623"]
[Result "1-0"]
[Round "11"]
[TimeControl "180+2"]
[Date "2023.07.11"]
[WhiteClock "0:00:14"]
[BlackClock "0:00:05"]
[Board "16"]

1. e4 g6 2. d4 Bg7 3. Nf3 d6 4. Bc4 e6 5. O-O b6 6. Re1 Bb7 7. Nbd2 Nd7 8. c3 Ne7 9. Nf1 h6 10. Ng3 a6 11. a4 c6 12. Bd3 Qc7 13. Bf4 e5 14. dxe5 dxe5 15. Be3 O-O 16. b4 Kh7 17. Qb3 b5 18. c4 bxc4 19. Bxc4 f5 20. exf5 gxf5 21. Nh5 Nd5 22. Bxd5 cxd5 23. Nxg7 Kxg7 24. Nxe5 Nxe5 25. Bd4 Rae8 26. Rxe5 Rxe5 27. Re1 Kh7 28. Bxe5 Qc4 29. Qxc4 dxc4 30. Bc3 Rf7 31. f3 Rd7 32. Kf2 Bc6 33. Re6 Bxa4 34. Rxa6 Rd3 35. Ra7+ Kg8 36. Be5 Bb5 37. Rb7 Rd5 38. Bc3 f4 39. Rg7+ Kf8 40. Rg4 Rd3 41. Rxf4+ Ke8 42. Rf5 Bd7 43. Re5+ Kf7 44. Re3 Rd1 45. g4 Be6 46. h4 Rc1 47. h5 Rc2+ 48. Kg3 Bd5 49. Kf4 Rf2 50. b5 Rf1 51. b6 Rb1 52. Ke5 Rb5 53. Kd6 Bb7 54. Re7+ 1-0


[Site "https://www.chess.com"]

[Event "Titled Tuesday Blitz July 11 Late 2023"]
[White "Warmerdam, Max"]
[Black "Fiorito, Francisco"]
[WhiteFideId "1048104"]
[BlackFideId "180165"]
[WhiteElo "2835"]
[BlackElo "2610"]
[Result "1-0"]
[Round "11"]
[TimeControl "180+2"]
[Date "2023.07.11"]
[WhiteClock "0:01:29"]
[BlackClock "0:00:09"]
[Board "17"]

1. Nf3 Nf6 2. g3 d5 3. Bg2 Bf5 4. c4 c6 5. Qb3 Qb6 6. d3 e6 7. Be3 Qa6 8. Nbd2 h6 9. O-O Nbd7 10. Qc3 c5 11. d4 dxc4 12. Qxc4 Qxc4 13. Nxc4 Nd5 14. dxc5 Nxc5 15. Nd4 Nxe3 16. Nxe3 Be4 17. Nb5 Bxg2 18. Kxg2 Na6 19. Rfd1 Bc5 20. Nc4 Ke7 21. a3 Rhd8 22. Na5 Rxd1 23. Rxd1 Rb8 24. b4 Bb6 25. Nc4 f6 26. f4 Rc8 27. Ncd6 Rc2 28. Kf3 Nc7 29. Nxc7 Rxc7 30. a4 Rd7 31. Nc8+ Kd8 32. Rxd7+ Kxd7 33. Nxb6+ axb6 34. Kg4 Kd6 35. Kh5 Ke7 36. Kg6 Kf8 37. g4 Kg8 38. e4 Kf8 39. h4 Kg8 40. e5 fxe5 41. fxe5 Kf8 42. Kh7 Kf7 43. g5 h5 44. g6+ Kf8 45. b5 Ke8 46. Kxg7 Ke7 47. Kh7 Kf8 48. g7+ Ke7 49. g8=Q Kd7 50. Qf7+ Kc8 51. Qxh5 Kb8 52. Kg6 Ka7 53. Qg5 Kb8 54. h5 Ka8 55. h6 Kb8 56. h7 Ka7 57. Qe7 Ka8 58. h8=Q+ Ka7 59. Qhg7 Ka8 60. Qxb7# 1-0


[Site "https://www.chess.com"]

[Event "Titled Tuesday Blitz July 11 Late 2023"]
[White "Licznerski, Lukasz"]
[Black "Boldoo, Erdenepurev"]
[WhiteFideId "1179250"]
[BlackFideId "4901037"]
[WhiteElo "2823"]
[BlackElo "2590"]
[Result "1-0"]
[Round "11"]
[TimeControl "180+2"]
[Date "2023.07.11"]
[WhiteClock "0:00:03"]
[BlackClock "0:00:00"]
[Board "18"]

1. e4 e6 2. d4 d5 3. Nd2 c5 4. Ngf3 Nc6 5. exd5 exd5 6. Bb5 Qe7+ 7. Be2 Qc7 8. O-O Nf6 9. Re1 Be6 10. dxc5 Bxc5 11. Nb3 Bb6 12. Bd3 O-O 13. Be3 Rae8 14. h3 h6 15. Qd2 Bd7 16. Bxb6 Qxb6 17. Nfd4 Ne4 18. Bxe4 dxe4 19. Nxc6 Bxc6 20. c3 f5 21. Qd4 Qc7 22. Qxa7 f4 23. Nd4 Rf6 24. Qc5 Kh8 25. Rad1 Rg6 26. Nxc6 bxc6 27. Qf5 Rg5 28. Rd7 Qc8 29. Qf7 Rf8 30. Qe7 Re8 31. Qd6 e3 32. fxe3 f3 33. g4 Rf8 34. Kf2 Qe8 35. Rd1 Rb5 36. Qxf8+ 1-0


[Site "https://www.chess.com"]

[Event "Titled Tuesday Blitz July 11 Late 2023"]
[White "Todorovic, Bojan"]
[Black "Zemlyanskii, Ivan"]
[WhiteFideId "917087"]
[BlackFideId "24249971"]
[WhiteElo "2443"]
[BlackElo "2812"]
[Result "0-1"]
[Round "11"]
[TimeControl "180+2"]
[Date "2023.07.11"]
[WhiteClock "0:00:00"]
[BlackClock "0:00:45"]
[Board "19"]

1. d4 d5 2. c4 e6 3. Nc3 c6 4. e3 Nf6 5. Nf3 Nbd7 6. Qc2 Bd6 7. Be2 O-O 8. O-O dxc4 9. Bxc4 b5 10. Be2 Bb7 11. Rd1 Qc7 12. a3 e5 13. h3 a6 14. b4 exd4 15. Nxd4 c5 16. Nf5 Bh2+ 17. Kh1 cxb4 18. axb4 Be5 19. Bb2 Ne4 20. Bf3 Ndf6 21. Rac1 Rac8 22. Nxe4 Qxc2 23. Rxc2 Rxc2 24. Bxe5 Bxe4 25. Bxf6 Bxf5 26. Be7 Re8 27. Bc5 Rxf2 0-1


[Site "https://www.chess.com"]

[Event "Titled Tuesday Blitz July 11 Late 2023"]
[White "Jaferian, Koosha"]
[Black "Andreikin, Dmitry"]
[WhiteFideId "12507440"]
[BlackFideId "4158814"]
[WhiteElo "2712"]
[BlackElo "2992"]
[Result "0-1"]
[Round "11"]
[TimeControl "180+2"]
[Date "2023.07.11"]
[WhiteClock "0:00:02"]
[BlackClock "0:01:25"]
[Board "20"]

1. e4 a6 2. d4 b5 3. a4 Bb7 4. Bd3 Nf6 5. Qe2 bxa4 6. Rxa4 e6 7. Bg5 Be7 8. Nd2 h6 9. Bh4 c5 10. Ngf3 cxd4 11. Nxd4 Nc6 12. Nxc6 Bxc6 13. Rxa6 Rxa6 14. Bxa6 Qa5 15. O-O Nxe4 16. Nxe4 Bxh4 17. Nd6+ Ke7 18. Rd1 Rb8 19. b3 Bf6 20. Bc4 Qe5 21. Qd2 Ra8 22. Nb5 Ra1 23. Qb4+ d6 24. Rxa1 Qxa1+ 25. Bf1 Be5 26. f4 Bxb5 27. Qxb5 Qd4+ 28. Kh1 Qxf4 29. g3 Qe4+ 30. Bg2 Qxc2 31. Qb7+ Kf6 32. Qf3+ Qf5 33. Qe3 Qb1+ 34. Qg1 Qxb3 35. Qf1+ Ke7 36. Qa6 Qb1+ 37. Bf1 d5 38. Qb7+ Qxb7 0-1


[Site "https://www.chess.com"]

[Event "Titled Tuesday Blitz July 11 Late 2023"]
[White "Skliarov, Viktor"]
[Black "Zhigalko, Sergei"]
[WhiteFideId "14106736"]
[BlackFideId "13502956"]
[WhiteElo "2650"]
[BlackElo "2879"]
[Result "0-1"]
[Round "11"]
[TimeControl "180+2"]
[Date "2023.07.11"]
[WhiteClock "0:00:01"]
[BlackClock "0:00:04"]
[Board "21"]

1. e4 c5 2. Nf3 Nc6 3. Bb5 Nf6 4. Bxc6 dxc6 5. d3 Nd7 6. O-O e5 7. Nbd2 Bd6 8. Nc4 Bc7 9. a3 O-O 10. b4 Re8 11. Bb2 f6 12. Nh4 b5 13. Ne3 cxb4 14. axb4 Nf8 15. c3 Bb6 16. Kh1 Be6 17. d4 Qc7 18. d5 Rad8 19. Qb3 Bf7 20. c4 bxc4 21. Qxc4 cxd5 22. Qxc7 Bxc7 23. Rxa7 Bb6 24. Rxf7 Kxf7 25. Nxd5 Rb8 26. Nf5 Red8 27. f3 Ne6 28. g3 Nc7 29. Nxb6 Rxb6 30. Rc1 Rd7 31. Rc4 Ne6 32. Bc3 Rc7 33. Rxc7+ Nxc7 34. Ne3 Rc6 35. Bd2 Ke6 36. Kg2 Rd6 37. Nc4 Rd4 0-1


[Site "https://www.chess.com"]

[Event "Titled Tuesday Blitz July 11 Late 2023"]
[White "Fantinel, Thibault"]
[Black "Troff, Kayden"]
[WhiteFideId "663395"]
[BlackFideId "2047896"]
[WhiteElo "2648"]
[BlackElo "2794"]
[Result "0-1"]
[Round "11"]
[TimeControl "180+2"]
[Date "2023.07.11"]
[WhiteClock "0:00:00"]
[BlackClock "0:00:13"]
[Board "22"]

1. d4 Nf6 2. Nf3 g6 3. Nc3 d5 4. Bf4 Bg7 5. Nb5 Na6 6. e3 O-O 7. h3 c5 8. Be2 Bd7 9. a4 Ne4 10. O-O c4 11. Nd2 f5 12. f3 Nf6 13. b3 cxb3 14. cxb3 Nh5 15. Be5 Bxe5 16. dxe5 Qb6 17. Nd4 f4 18. a5 Qb4 19. Nb1 fxe3 20. Nc2 Qc5 21. b4 Nxb4 22. Nxb4 Qxb4 23. Qxd5+ Kh8 24. Qxd7 Qb2 25. Nc3 Qxc3 26. Qxe7 Nf4 27. Rae1 Qd2 28. Qd6 Nxe2+ 29. Kh2 Nc3 30. Qc7 e2 31. Rg1 Rac8 32. Qxb7 Qf4+ 33. g3 Qxe5 34. Rg2 Rce8 35. Qb4 Qe3 36. h4 Rxf3 37. Qc4 Qe5 38. Qc6 Re3 0-1


[Site "https://www.chess.com"]